 Dungeon Crawl Stone Soup version 0.31.0-32-g396128a36d (webtiles) character file.

Game seed: 7652632917715675559

91 spaghetti the Ruffian (level 4, 0/42 HPs)
             Began as a Naga Chaos Knight on Mar 25, 2024.
             Was a Plaything of Xom.
             Slain by Terence
             ... wielding a +1 falchion of flaming
              (1 damage)
             ... on level 2 of the Dungeon.
             The game lasted 00:02:34 (1553 turns).

spaghetti the Ruffian (Naga Chaos Knight)           Turns: 1553, Time: 00:02:34

Health: 0/42       AC:  7    Str: 16    XL:     4   Next: 57%
Magic:  4/4        EV:  9    Int: 12    God:    Xom [..*...]
Gold:   40         SH:  0    Dex: 11    Spells: 3/3 levels left

rFire   . .          .
                       - Unarmed
rCold   . . .        (no shield)
rNeg    . . .        a - +2 leather armour
rPois   +            (no helmet)
rElec   .            g - +0 cloak
rCorr   .            k - +0 pair of gloves
SInv    +            (no barding)
Will    .....        (no amulet)
Stlth   +            (no ring)
HPRegen 0.27/turn    (no ring)
MPRegen 0.09/turn

%: no passive effects
@: brilliant, very slow
A: AC +1, large, see invisible, deformed body, poison resistance, slowness 2,
spit poison 1, naga tail 1
a: Spit Poison, Renounce Religion


You were on level 2 of the Dungeon.
You worshipped Xom.
You were a toy of Xom.
You visited 1 branch of the dungeon, and saw 3 of its levels.

You collected 40 gold pieces.

Inventory:

Armour
 a - a +2 leather armour (worn)
 g - a +0 cloak (worn)
 k - a +0 pair of gloves (worn)
Magical Staves
 m - the staff "Upre" {+Blink rElec Will+ SInv Air}
   (You found it on level 2 of the Dungeon)

   [staff of air]

   Base accuracy: +5 Base damage: 5 Base attack delay: 1.2 This weapon's minimum
   attack delay (0.6) is reached at skill level 12.
   rElec:     It insulates you from electricity.
   Will+:     It increases your willpower.
   SInv:      It lets you see invisible.
   +Blink:    It lets you blink.
   Air:       It increases the power of your Air spells.
   It falls into the 'Staves' category.
   It is a one-handed weapon.
Jewellery
 e - an amulet of reflection
Wands
 c - a wand of flame (13)
Scrolls
 d - a scroll of amnesia


   Skills:
 - Level 3.0 Fighting
 - Level 1.5 Armour
 - Level 0.7 Dodging
 + Level 5.2 Unarmed Combat


You had 3 spell levels left.
You didn't know any spells.
Your spell library contained the following spells:

 Spells                   Type           Power      Damage    Failure   Level
 Ensorcelled Hibernation  Hex/Ice        0%         N/A       52%         2
 Passwall                 Erth           0%         N/A       77%         3
 Swiftness                Air            0%         N/A       77%         3
 Tukima's Dance           Hex            0%         N/A       77%         3
 Dimensional Bullseye     Hex/Tloc       0%         N/A       99%         4
 Iskenderun's Mystic Bla  Conj/Tloc      0%         2d3       99%         4


Dungeon Overview and Level Annotations

Branches:
Dungeon (3/15)

Altars:

Shops:
D:2 !

Annotations:
D:2 Terence


Innate Abilities, Weirdness & Mutations

Your serpentine skin is tough. (AC +1)
You have supernaturally acute eyesight. (SInv)
Armour fits poorly on your strangely shaped body.
Your system is resistant to poisons. (rPois)
You cover ground very slowly.
You can spit poison.
You have a snake-like lower body.


Message History

The kobold barely misses you.
You hit Terence but do no damage.
Terence is moderately wounded.
Terence hits you with a +1 falchion of flaming!
* * * LOW HITPOINT WARNING * * *
Terence burns you.
* * * LOW HITPOINT WARNING * * *
The kobold closely misses you. x2; Terence hits you but does no damage.
There is a stone staircase leading up here.
Your butterfly disappears in a burst of colours!
The kobold hits you but does no damage. Terence closely misses you.
You climb upwards.
There is a stone staircase leading down here.
Unknown command.
Okay, then.
You hit Terence but do no damage.
Terence is moderately wounded.
The kobold closely misses you. Terence barely misses you.
You barely miss Terence.
Terence is moderately wounded.
The kobold hits you but does no damage.
You hit Terence.
Terence is heavily wounded. "Go forth and cause havoc, mortal!"
You feel clever all of a sudden. Terence barely misses you.
The kobold closely misses you.
You hit Terence.
Terence is heavily wounded.
Terence hits you with a +1 falchion of flaming.
* * * LOW HITPOINT WARNING * * *
Terence burns you.
* * * LOW HITPOINT WARNING * * *
Unknown command.
Unknown command.
You hit Terence.
Terence is severely wounded.
The kobold hits you but does no damage.
Terence hits you with a +1 falchion of flaming.
You die...
Terence says, "Rest in peace."

# ### # #.# #
#.############# #
####.##..........# #
#.##....##.#######
#............K@#
#.##....##....@#
###.......##.....#
...#########)##..#
...# #.....#
########## #.##..###
.........###.##....#
.............##..####
.........######.....#


You could see Terence and a kobold.

Vanquished Creatures
  Crazy Yiuf (D:2)
  A gnoll (D:3)
  An adder (D:2)
  3 dart slugs (D:1)
  3 ball pythons (D:1)
  3 bats
  4 endoplasms
  3 giant cockroaches
  4 goblins
  2 hobgoblins (D:1)
  2 kobolds
  3 quokkas (D:1)
  2 frilled lizards
  4 rats
36 creatures vanquished.

Notes
Turn   | Place    | Note
-------+----------+-------------------------------------------
     0 | D:1      | spaghetti the Naga Chaos Knight began the quest for the
                  | Orb.
     0 | D:1      | Reached XP level 1. HP: 21/21 MP: 1/1
   174 | D:1      | XOM: potion effect (haste)
   185 | D:1      | Reached XP level 2. HP: 24/28 MP: 2/2
   297 | D:1      | XOM: smoke on damage
   428 | D:1      | Reached skill level 4 in Unarmed Combat
   432 | D:1      | Reached XP level 3. HP: 29/34 MP: 3/3
   554 | D:1      | XOM: cloud trail
   623 | D:1      | XOM: silly message
   681 | D:2      | Found Guogin's Distillery.
   894 | D:2      | Identified the staff "Upre" {+Blink rElec Will+ SInv Air}
   937 | D:2      | Found a runed translucent door.
   985 | D:2      | Noticed Crazy Yiuf
  1029 | D:2      | XOM: silly message
  1304 | D:2      | Killed Crazy Yiuf
  1305 | D:2      | Reached skill level 5 in Unarmed Combat
  1305 | D:2      | Reached XP level 4. HP: 42/42 MP: 4/4
  1403 | D:2      | XOM: silly message
  1526 | D:3      | Noticed a scorpion
  1531 | D:3      | Noticed Terence
  1540 | D:3      | HP: 1/42 [Terence/+1 falchion of flaming (2)]
  1551 | D:2      | XOM: potion effect (brilliance)
  1552 | D:2      | HP: 2/42 [Terence/+1 falchion of flaming (3)]
  1553 | D:2      | Slain by Terence

Illustrated notes

Levels and vault maps discovered:
D:1:      roderic_dead_forest, layout_basic
D:2:      layout_basic, serial_shops, shop, uniq_crazy_yiuf_cottage
D:3:      minmay_octagon_keep, layout_basic, nicolae_ashenzari_skybound,
          lemuel_flame_loot_1, uniq_terence, uniq_sigmund, uniq_ijyb,
          uniq_natasha

Skill      XL: |  1  2  3 |
---------------+----------+-----
Unarmed Combat | 4 5 |  5.2
Fighting       | |  3.0
Armour         | |  1.5
Dodging        | |  0.7

Action                     |  1- 3 |  4- 6 || total
---------------------------+-------+-------++-------
  Melee: Unarmed           |   110 |    18 ||   128
         Punch             |     4 |       ||     4
Ability: Spit Poison       |       |     1 ||     1
    Use: Potion            |     4 |     3 ||     7
         Scroll            |       |     5 ||     5
 Armour: Leather armour    |    75 |    24 ||    99
         Skin              |     1 |       ||     1
  Dodge: Dodged            |    55 |    26 ||    81
